 Dungeon Crawl Stone Soup version 0.30-a0-956-gcec3b41aec (webtiles) character file.

Game seed: 11482668553333937804

370 lesbiats the Trooper (level 6, -8/67 HPs)
             Began as an Ogre Fighter on Mar 30, 2023.
             Mangled by a gnoll
             ... wielding a +0 halberd
             ... led by a gnoll bouda
              (14 damage)
             ... on level 4 of the Dungeon.
             The game lasted 00:06:58 (3059 turns).

lesbiats the Trooper (Ogre Fighter)                 Turns: 3059, Time: 00:06:58

Health: -8/67      AC:  3    Str: 23    XL:     6   Next: 70%
Magic:  6/6        EV:  9    Int:  9    God:
Gold:   155        SH:  7    Dex:  8    Spells: 5/5 levels left

rFire   . . .      SeeInvis .    a - +0 flail
rCold   . . .      Faith    .    c - +0 kite shield
rNeg    . . .      Spirit   .    b - +0 robe
rPois   .          Reflect  .    (helmet restricted)
rElec   .          Rampage  .    (no cloak)
rCorr   .                        (gloves unavailable)
Will    .....                    (boots unavailable)
Stlth   +                        (no amulet)
HPRegen 0.31/turn                (no ring)
MPRegen 0.10/turn                (no ring)

@: about to teleport
A: large, unfitting armour, tough skin 1
a: no special abilities


You were on level 4 of the Dungeon.
You visited 1 branch of the dungeon, and saw 4 of its levels.

You collected 155 gold pieces.

Inventory:

Hand Weapons
 a - a +0 flail (weapon)
Missiles
 f - 2 curare-tipped darts (quivered)
 n - 6 poisoned darts
Armour
 b - a +0 robe (worn)
 c - a +0 kite shield (worn)
Jewellery
 e - an amulet of faith
Scrolls
 g - 3 scrolls of teleportation
 h - a scroll of poison {unknown}
 k - 2 scrolls of enchant weapon {unknown}
 l - 2 scrolls of vulnerability {unknown}
 m - a scroll of noise {unknown}
 p - a scroll of magic mapping {unknown}
 q - 3 scrolls of identify {unknown}
 s - a scroll of blinking {unknown}
 u - a scroll of torment {unknown}
Potions
 d - 3 potions of might
 i - 3 potions of heal wounds {unknown}
 j - 3 potions of curing
 o - a potion of cancellation {unknown}
 r - a potion of attraction {unknown}
 t - 2 potions of flight {unknown}
 v - a potion of mutation {unknown}


   Skills:
 + Level 5.8 Fighting
 * Level 4.6 Maces & Flails
 + Level 4.0 Dodging
 - Level 3.0 Shields


You had 5 spell levels left.
You didn't know any spells.
Your spell library was empty.

Dungeon Overview and Level Annotations

Branches:
Dungeon (4/15)
 Temple: D:4-7

Altars:

Annotations:
D:4 Menkaure


Innate Abilities, Weirdness & Mutations

You are too large for most types of armour.
You have tough skin. (AC +1)


Message History

You closely miss the gnoll bouda.
The gnoll bouda is severely wounded.
You block the gnoll's attack.
The gnoll bouda hits you with a +0 whip.
The gnoll closely misses you.
You sock the gnoll bouda!
You kill the gnoll bouda!
The gnoll closely misses you.
Your Dodging skill increases to level 4!
Throw: 3 darts (curare)
Press: ? - help, Q - select action, (/) - cycle Shift-Dir - straight line, f - gnoll
Aim: a gnoll, wielding a +0 halberd (covering ground quickly, 60% to hit)
You throw a curare-tipped dart. The curare-tipped dart hits the gnoll.
The gnoll is poisoned.
The gnoll convulses.
The gnoll seems to slow down.
The gnoll is severely wounded.
A gnoll comes into view. It is wielding a +0 flail.
The gnoll closely misses you. The gnoll closely misses you.
You sock the gnoll!
You kill the gnoll!
The gnoll hits you with a +0 flail.
You barely miss the gnoll. The gnoll closely misses you.
The gnoll hits you with a +0 flail!
The gnoll hits you from afar with a +0 halberd!
* * * LOW HITPOINT WARNING * * *
The gnoll is no longer moving quickly.
You barely miss the gnoll. The gnoll hits you with a +0 flail!
* * * LOW HITPOINT WARNING * * *
You block the gnoll's attack. The gnoll hits you with a +0 flail!
* * * LOW HITPOINT WARNING * * *
It was a potion of curing.
You feel better.
The gnoll is no longer moving quickly.
The gnoll hits you from afar with a +0 halberd.
* * * LOW HITPOINT WARNING * * *
You block the gnoll's attack.
As you read the scroll of teleportation, it crumbles to dust.
You feel strangely unstable.
The gnoll hits you from afar with a +0 halberd!
You die...

## ## #. .# .#.
... #g# #g# #g#
#@# #.########
#........######.
########........
#..###### #..#
#..# #..##
##...####


You could see 3 gnolls.

Vanquished Creatures
  2 black bears
  A gnoll bouda (D:4)
  An orc wizard (D:4)
  2 gnolls (D:4)
  5 adders
  A dart slug (D:4)
  5 orcs
  4 endoplasms
  3 giant cockroaches
  5 goblins
  5 hobgoblins
  2 jackals (D:3)
  9 kobolds
  A quokka (D:1)
  7 ball pythons
  3 bats
  3 frilled lizards
  8 rats
67 creatures vanquished.

Notes
Turn   | Place    | Note
-------+----------+-------------------------------------------
     0 | D:1      | lesbiats the Ogre Fighter began the quest for the Orb.
     0 | D:1      | Reached XP level 1. HP: 24/24 MP: 1/1
   319 | D:1      | Reached XP level 2. HP: 32/32 MP: 2/2
  1006 | D:2      | Reached XP level 3. HP: 32/40 MP: 3/3
  1109 | D:2      | Identified the +5 ring mail "Wayl" {Slay+2}
  1317 | D:2      | Reached XP level 4. HP: 48/49 MP: 4/4
  1814 | D:2      | Found a faded altar of an unknown god.
  2730 | D:4      | Noticed a black bear
  2741 | D:3      | Killed a black bear
  2742 | D:3      | Reached skill level 5 in Fighting
  2742 | D:3      | Reached XP level 5. HP: 44/57 MP: 5/5
  2817 | D:4      | Noticed Menkaure
  2978 | D:4      | Noticed a black bear
  2980 | D:4      | Reached XP level 6. HP: 66/66 MP: 6/6
  2989 | D:4      | Killed a black bear
  3057 | D:4      | HP: 3/67 [gnoll/+0 flail[a gnoll bouda] (7)]
  3059 | D:4      | Mangled by a gnoll

Illustrated notes

Levels and vault maps discovered:
D:1:      evilmike_arrival_hilbert_curve, layout_basic
D:2:      layout_basic, nicolae_ecumenical_lake_church, minmay_small_reverse_x
D:3:      layout_basic
D:4:      layout_loops_ring, uniq_menkaure

Skill      XL: |  1  2  3  4  5  6 |
---------------+-------------------+-----
Maces & Flails | 2 3 4 |  4.6
Dodging        | 3 4 |  4.0
Fighting       | 5 |  5.8
Shields        | |  3.0

Action                     |  1- 3 |  4- 6 || total
---------------------------+-------+-------++-------
  Melee: Flail             |    98 |   102 ||   200
  Throw: Dart              |       |     3 ||     3
    Use: Scroll            |       |     2 ||     2
         Potion            |       |     1 ||     1
 Armour: Robe              |    28 |    32 ||    60
  Dodge: Dodged            |    47 |    46 ||    93
  Block: Kite shield       |    42 |    40 ||    82

Table legend: (Time is in decaauts)
 A = Elapsed time spent in this place.
 B = Non-inter-level travel time spent in this place.
 C = Inter-level travel time spent in this place.
 D = Time resting spent in this place.
 E = Time spent auto-exploring this place.
 F = Levels seen in this place.
 G = Mean time per level.
                   A        B        C        D        E       F      G
               +--------+--------+--------+--------+--------+-----+--------+
         Total |   3140 |   2886 |    254 |    375 |   1816 |   4 |  785.0 |
       Dungeon |   3140 |   2886 |    254 |    375 |   1816 |   4 |  785.0 |
               +--------+--------+--------+--------+--------+-----+--------+

Top non-repeatable levels by time:
     D:2: 1128 daAuts
     D:1: 935 daAuts
     D:3: 829 daAuts
     D:4: 246 daAuts
